 Dungeon Crawl Stone Soup version 0.27-a0-972-gd1521fd (webtiles) character file.

Game seed: 12678889301045549046

4 ChiliFlavouring the Gusty (level 1, 0/15 HPs)
             Began as a Draconian Air Elementalist on Apr 13, 2021.
             Killed by Freeze
             ... generated by an endoplasm
              (5 damage)
             ... on level 1 of the Dungeon.
             The game lasted 00:00:32 (68 turns).

ChiliFlavouring the Gusty (DrAE)                      Turns: 68, Time: 00:00:32

Health: 0/15       AC:  4    Str: 10    XL:     1   Next: 50%
Magic:  1/3        EV: 12    Int: 15    God:
Gold:   0          SH:  0    Dex: 11    Spells: 3/4 levels left

rFire    . . .     SeeInvis .   (no weapon)
rCold    . . .     Faith    .   (no shield)
rNeg     . . .     Spirit   .   (armour unavailable)
rPois    .         Reflect  .   (helmet restricted)
rElec    .         Harm     .   (no cloak)
rCorr    .         Rampage  .   (no gloves)
Will     .....                  (no boots)
Stlth    ++........             (no amulet)
HPRegen  0.05/turn              (no ring)
MPRegen  0.08/turn              (no ring)

@: no status effects
A: AC +4, unfitting armour, cold-blooded
a: no special abilities


You were on level 1 of the Dungeon.
You visited 1 branch of the dungeon, and saw 1 of its levels.

Inventory:

Potions
 a - a potion of curing {unknown}


   Skills:
 + Level 0.3 Fighting
 - Level 1.7 Dodging
 - Level 1.7 Stealth
 + Level 2.0 Spellcasting
 + Level 1.1 Conjurations
 + Level 3.0 Air Magic


You had 3 spell levels left.
You knew the following spells:

 Your Spells              Type           Power      Damage    Failure   Level
a - Shock                 Conj/Air       28%        1d4       10%         1

Your spell library contained the following spells:

 Spells                   Type           Power      Damage    Failure   Level
 Swiftness                Air            10%        N/A       10%         2
 Static Discharge         Conj/Air       7%         N/A       28%         3
 Airstrike                Air            5%         N/A       52%         4
 Lightning Bolt           Conj/Air       3%         1d15      95%         5


Dungeon Overview and Level Annotations

Branches:
Dungeon (1/15)

Altars:


Innate Abilities, Weirdness & Mutations

Your plain brown scales are hard. (AC +4)
You cannot fit into any form of body armour.
You are cold-blooded and may be slowed by cold attacks.


Message History

You closely miss the jackal.
The jackal is heavily wounded.
The jackal closely misses you. The endoplasm barely misses you.
You hit the jackal.
The jackal is severely wounded.
The jackal closely misses you. The jackal bites you. The endoplasm freezes you.
You are frozen.
You feel yourself slow down.
You are too injured to fight recklessly!
You are too injured to fight recklessly!
You are too injured to fight recklessly!
You are too injured to fight recklessly!
You hit the jackal but do no damage.
Your tail-slap misses the jackal.
The jackal is heavily wounded.
The jackal barely misses you. The endoplasm completely misses you.
The jackal barely misses you.
You hit the jackal.
The jackal is almost dead.
The jackal bites you but does no damage.
The endoplasm freezes you.
You are frozen.
* * * LOW HITPOINT WARNING * * *
The jackal closely misses you. The endoplasm barely misses you.
You hit the jackal but do no damage.
Your tail-slap misses the jackal.
The jackal is almost dead.
The jackal bites you but does no damage.
The endoplasm barely misses you. The jackal closely misses you.
You barely miss the jackal. You tail-slap the jackal.
You kill the jackal!
You feel yourself speed up.
The endoplasm hits you but does no damage.
The endoplasm barely misses you.
You hit the endoplasm.
The endoplasm is heavily wounded.
The endoplasm barely misses you.
You hit the endoplasm.
The endoplasm is severely wounded.
The endoplasm freezes you.
You are frozen.
You die...

#.........########
#.......⌠..#
..........##
......⌠.⌠..##
............##
....⌠.⌠.⌠...##
.............# .
...#######..####....
#. #.......@.......
..###..##J##.#..
#..# .# #..# .# #...
.# ##. .. ## .# .#


You could see an endoplasm.

Vanquished Creatures
  An endoplasm (D:1)
  2 jackals (D:1)
3 creatures vanquished.

Notes
Turn   | Place    | Note
-------+----------+-------------------------------------------
     0 | D:1      | ChiliFlavouring the Draconian Air Elementalist began the
                  | quest for the Orb.
     0 | D:1      | Reached XP level 1. HP: 14/14 MP: 3/3
    68 | D:1      | Killed from afar by an endoplasm

Illustrated notes

Levels and vault maps discovered:
D:1:      eino_arrival_cavern_a, layout_loops_corners

Action                   || total
-------------------------++-------
Melee: Unarmed           ||    15
       Tailslap          ||     2
 Cast: Shock             ||     5
Armor: Skin              ||     6
Dodge: Dodged            ||    17

Table legend: (Time is in decaauts)
 A = Elapsed time spent in this place.
 B = Non-inter-level travel time spent in this place.
 C = Inter-level travel time spent in this place.
 D = Time resting spent in this place.
 E = Time spent auto-exploring this place.
 F = Levels seen in this place.
 G = Mean time per level.
                   A        B        C        D        E       F      G
               +--------+--------+--------+--------+--------+-----+--------+
         Total |     70 |     70 |      0 |      0 |     46 |   1 |   70.0 |
       Dungeon |     70 |     70 |      0 |      0 |     46 |   1 |   70.0 |
               +--------+--------+--------+--------+--------+-----+--------+

Top non-repeatable levels by time:
     D:1: 70 daAuts
